 Seeded DCSS version 0.29-a0-380-gf50f0a9fbc (webtiles) character file.

Game seed: 13605594255664981076 (custom seed)

13 thiscave3701365 the Chopper (level 2, 24/27 HPs)
             Began as a Minotaur Berserker on May 5, 2022.
             Was a Follower of Trog.
             Quit the game on level 1 of the Dungeon.
             The game lasted 00:00:15 (362 turns).

thiscave3701365 the Chopper (Minotaur Berserker)     Turns: 362, Time: 00:00:15

Health: 24/27      AC:  2    Str: 21    XL:     2   Next: 24%
Magic:  1/1        EV: 12    Int:  4    God:    Trog [*.....]
Gold:   23         SH:  0    Dex:  9    Spells: 1/1 levels left

rFire   . . .      SeeInvis .   a - +0 hand axe
rCold   . . .      Faith    .   (no shield)
rNeg    . . .      Spirit   .   b - +0 animal skin
rPois   .          Reflect  .   (helmet restricted)
rElec   .          Harm     .   (no cloak)
rCorr   .          Rampage  .   (no gloves)
Will    .....                   (no boots)
Stlth   +.........              (no amulet)
HPRegen 0.09/turn               (no ring)
MPRegen 0.07/turn               (no ring)

@: no status effects
A: horns 2, retaliatory headbutt
a: Renounce Religion, Berserk


You were on level 1 of the Dungeon.
You worshipped Trog.
Trog was aware of your devotion.
You visited 1 branch of the dungeon, and saw 1 of its levels.

You collected 23 gold pieces.

Inventory:

Hand Weapons
 a - a +0 hand axe (weapon)
Armour
 b - a +0 animal skin (worn)
Scrolls
 d - a scroll of immolation {unknown}
 e - a scroll of identify {unknown}
Potions
 c - a potion of brilliance {unknown}


   Skills:
 + Level 4.0 Fighting
 + Level 4.0 Axes
 + Level 2.6 Armour
 + Level 2.3 Dodging


You had one spell level left.
You didn't know any spells.
Your spell library was empty.

Dungeon Overview and Level Annotations

Branches:
Dungeon (1/15)

Altars:


Innate Abilities, Weirdness & Mutations

You have a pair of horns on your head.
You reflexively headbutt those who attack you in melee.


Message History

There are monsters nearby!
You hit the jackal but do no damage.
There are monsters nearby!
You slash the kobold!
You kill the kobold!
Trog accepts your kill.
You barely miss the jackal. You completely miss the jackal.
The jackal barely misses you. The jackal closely misses you.
You furiously retaliate!
You headbutt the jackal!
You kill the jackal!
Trog accepts your kill.
You have reached level 2!
There are monsters nearby!
You closely miss the jackal. Your headbutt misses the jackal.
You hit the jackal.
You kill the jackal!
Trog accepts your kill.
The jackal bites you but does no damage.
A goblin comes into view. It is wielding a +0 club.
The jackal bites you but does no damage.
Your Axes skill increases to level 4!
There are monsters nearby!
You hit the jackal.
The jackal is lightly wounded.
You hit the ball python. The jackal barely misses you.
The ball python misses you. You furiously retaliate!
You headbutt the ball python!
You kill the ball python!
Trog accepts your kill. The rat closely misses you. You furiously retaliate!
You headbutt the rat.
You kill the rat!
Trog accepts your kill.
Your Fighting skill increases to level 4!
There are monsters nearby!
You closely miss the jackal.
The jackal is lightly wounded.
The jackal bites you but does no damage.
The jackal bites you.
Unknown command.
Are you sure you want to abandon this character and quit the game? (Confirm with "yes".)

###################
#..................
#.#################
#....##..... ..
#########........
...##
#......##........
.....
#..............
....#
#.###@##.......
..... #.h.†^......#
#.... #............
..#.. #............
>.... .....g.......
.....
.(............
.#### #............
.. #............ ##


You could see a jackal and a goblin.

Vanquished Creatures
  A giant cockroach (D:1)
  A hobgoblin (D:1)
  2 jackals (D:1)
  3 ball pythons (D:1)
  2 kobolds (D:1)
  4 rats (D:1)
13 creatures vanquished.

Notes
Turn   | Place    | Note
-------+----------+-------------------------------------------
     0 | D:1      | thiscave3701365 the Minotaur Berserker began the quest for
                  | the Orb.
     0 | D:1      | Reached XP level 1. HP: 19/19 MP: 0/0
   283 | D:1      | Found a faded altar of an unknown god.
   359 | D:1      | Reached XP level 2. HP: 27/27 MP: 1/1
   362 | D:1      | Quit the game

Illustrated notes

Levels and vault maps discovered:
D:1:      wander_arrival_lonely_grave, layout_basic,
          ebering_ecumenical_altar_rust

Skill      XL: |  1  2 |
---------------+-------+-----
Axes           | 4 |  4.0
Fighting       | 4 |  4.0
Armour         | |  2.6
Dodging        | |  2.3

Action                   || total
-------------------------++-------
Melee: Hand axe          ||    18
       Headbutt          ||     2
Armor: Animal skin       ||     6
Dodge: Dodged            ||    11

Table legend: (Time is in decaauts)
 A = Elapsed time spent in this place.
 B = Non-inter-level travel time spent in this place.
 C = Inter-level travel time spent in this place.
 D = Time resting spent in this place.
 E = Time spent auto-exploring this place.
 F = Levels seen in this place.
 G = Mean time per level.
                   A        B        C        D        E       F      G
               +--------+--------+--------+--------+--------+-----+--------+
         Total |    364 |    364 |      0 |      0 |    306 |   1 |  364.0 |
       Dungeon |    364 |    364 |      0 |      0 |    306 |   1 |  364.0 |
               +--------+--------+--------+--------+--------+-----+--------+

Top non-repeatable levels by time:
     D:1: 364 daAuts
